 Dungeon Crawl Stone Soup version 0.28.0-43-g3370ac3207 (webtiles) character file.

Game seed: 2373817784232656278

152695 protoss039 the Imperceptible (level 17, -10/87 HPs)
             Began as a Spriggan Enchanter on Mar 17, 2022.
             Was the Champion of Dithmenos.
             Mangled by a ghost moth (13 damage)
             ... on level 3 of the Spider Nest.
             The game lasted 03:50:05 (48671 turns).

protoss039 the Imperceptible (Spriggan Enchanter)  Turns: 48671, Time: 03:50:06

Health: -10/87     AC:  9    Str:  2 (4)  XL:     17   Next: 3%
Magic:  1/44       EV: 27    Int: 24      God:    Dithmenos [******]
Gold:   1005       SH:  0    Dex: 19 (21) Spells: 9/41 levels left

rFire   . . .      SeeInvis +   z - +4 dagger
rCold   . . .      Faith    .   (no shield)
rNeg    . . .      Spirit   .   h - +0 steam dragon scales
rPois   +          Reflect  .   S - +3 hat of Pondering {ponderous, Will+ MP+10 Int+5}
rElec   .          Harm     .   a - +0 cloak
rCorr   +          Rampage  .   (gloves unavailable)
Will    +++..                   (boots unavailable) Stlth ********++
                                (no amulet)
HPRegen 0.24/turn               t - ring of resist corrosion
MPRegen 0.29/turn               D - ring of poison resistance

@: confusing by touch, about to teleport, wreathed by umbra, studying Ice Magic,
very quick
A: very small, no large weapons, unfitting armour, see invisible, speed 3
a: Renounce Religion, Shadow Step, Shadow Form


You were on level 3 of the Spider Nest.
You worshipped Dithmenos.
Dithmenos was exalted by your worship.
You visited 6 branches of the dungeon, and saw 29 of its levels.
You also visited: Ossuary and Ice Cave.

You collected 2781 gold pieces.
You spent 1776 gold pieces at shops.

Inventory:

Hand Weapons
 m - a +2 scimitar of freezing
 z - a +4 dagger (weapon)
 E - a +4 scimitar of flaming
Missiles
 r - 41 poisoned darts (quivered)
Armour
 a - a +0 cloak (worn)
 h - +0 steam dragon scales (worn)
 o - a +1 robe of fire resistance
 O - a +2 robe of cold resistance
 S - the +3 hat of Pondering (worn) {ponderous, Will+ MP+10 Int+5}
   (You took it off Gastronok on level 3 of the Lair of Beasts)

   Int:       It affects your intelligence (+5).
   MP:        It affects your magic capacity (+10).
   Will:      It increases your willpower.
Jewellery
 i - a +6 ring of dexterity
 t - a ring of resist corrosion (left hand)
 D - a ring of poison resistance (right hand)
 I - the dreamshard necklace {*Dream Drain}
   (You found it on level 3 of the Spider Nest)

   [amulet of nothing]

   It shatters if its wearer takes lethal or near-lethal damage, preventing the
   blow and releasing protective dreams that heal and fight for the wearer.
   Drain:     It drains your maximum health when unequipped.
 R - a +4 ring of protection
Wands
 q - a wand of mindburst (12)
 H - a wand of iceblast (29)
 K - a wand of acid (10)
 L - a wand of flame (6)
 P - a wand of paralysis (13)
 T - a wand of charming (6)
Scrolls
 d - 2 scrolls of teleportation
 e - a scroll of blinking {unknown}
 f - 5 scrolls of fear
 g - a scroll of identify
 k - a scroll of holy word {unknown}
 p - 5 scrolls of enchant armour
 v - a scroll of acquirement {unknown}
 w - 10 scrolls of fog
 x - 4 scrolls of magic mapping
 y - 4 scrolls of summoning
 G - 3 scrolls of amnesia
 Q - 3 scrolls of enchant weapon
 Z - a scroll of brand weapon {unknown}
Potions
 b - 3 potions of magic
 c - 2 potions of invisibility
 j - a potion of curing
 l - a potion of cancellation {unknown}
 n - 2 potions of heal wounds
 s - a potion of resistance {unknown}
 u - 3 potions of mutation
 A - 5 potions of brilliance
 B - a potion of ambrosia
 C - 6 potions of haste
 J - 5 potions of might
 U - 3 potions of flight
Miscellaneous
 F - a tin of tremorstones (2/2)
 N - a box of beasts
 V - a phantom mirror
 W - a condenser vane
 X - a box of beasts


   Skills:
 - Level 9.0 Fighting
 - Level 10.0 Short Blades
 - Level 0.1(0.2) Axes
 - Level 0.1(0.2) Maces & Flails
 - Level 0.2(0.3) Staves
 - Level 0.2 Slings
 - Level 0.2 Bows
 - Level 0.1 Crossbows
 * Level 12.5 Dodging
 + Level 24.8 Stealth
 + Level 12.9 Spellcasting
 * Level 5.2 Conjurations
 * Level 11.0 Hexes
 - Level 2.0 Summonings
 - Level 0.1 Necromancy
 - Level 0.2 Translocations
 - Level 0.2 Transmutations
 - Level 0.1 Fire Magic
 - Level 6.0 Ice Magic
 - Level 3.0 Air Magic
 - Level 3.0 Earth Magic
 - Level 3.0 Poison Magic
 * Level 11.5 Invocations
 - Level 0.3 Evocations


You had 9 spell levels left.
You knew the following spells:

 Your Spells              Type           Power      Damage    Failure   Level
a - Ensorcelled Hibernat  Hex/Ice        100%       N/A       1%          2
b - Confusing Touch       Hex            62%        N/A       1%          3
c - Tukima's Dance        Hex            62%        N/A       1%          3
d - Cause Fear            Hex            31%        N/A       1%          4
e - Metabolic Englaciati  Hex/Ice        27%        N/A       3%          5
f - Dazzling Flash        Conj/Hex       100%       N/A       1%          3
g - Mephitic Cloud        Conj/Pois/Air  33%        N/A       2%          3
h - Passwall              Tmut/Erth      19%        N/A       3%          2
i - Stone Arrow           Conj/Erth      70%        3d11      2%          3
j - Anguish               Hex/Necr       21%        N/A       4%          4

Your spell library contained the following spells:

 Spells                   Type           Power      Damage    Failure   Level
 Foxfire                  Conj/Fire      100%       2x1d9     1%          1
 Magic Dart               Conj           100%       1d8       1%          1
 Sandblast                Erth           58%        2d13      1%          1
 Inner Flame              Hex/Fire       42%        N/A       1%          3
 Ozocubu's Armour         Ice            44%        N/A       1%          3
 Portal Projectile        Hex/Tloc       84%        N/A       1%          3
 Call Imp                 Summ           25%        N/A       2%          2
 Leda's Liquefaction      Hex/Erth       24%        N/A       2%          4
 Hailstorm                Conj/Ice       42%        3d10      3%          4
 Conjure Flame            Conj/Fire      28%        6-21      4%          3
 Call Canine Familiar     Summ           25%        N/A       5%          3
 Spider Form              Tmut/Pois      23%        N/A       6%          3
 Teleport Other           Tloc           16%        N/A       11%         3
 Yara's Violent Unravell  Hex/Tmut       21%        3d10      11%         5
 Flame Wave               Conj/Fire      28%        2d8       13%         4
 Iskenderun's Mystic Bla  Conj/Tloc      28%        2d7       13%         4
 Iskenderun's Battlesphe  Conj           40%        2d9       13%         5
 Petrify                  Tmut/Erth      23%        N/A       21%         4
 Passage of Golubria      Tloc           16%        N/A       34%         4
 Summon Forest            Summ/Tloc      10%        N/A       56%         5
 Conjure Ball Lightning   Conj/Air       17%        3x3d6     73%         6
 Iron Shot                Conj/Erth      17%        9d4       73%         6
 Simulacrum               Ice/Necr       15%        N/A       86%         6
 Starburst                Conj/Fire      14%        6d6       90%         6
 Discord                  Hex            31%        N/A       95%         8
 Ozocubu's Refrigeration  Ice            22%        4d9       96%         7
 Eringya's Noxious Bog    Tmut/Pois      11%        N/A       97%         6
 Statue Form              Tmut/Erth      15%        N/A       97%         6
 Dispersal                Tloc           8%         N/A       99%         6
 Malign Gateway           Summ/Tloc      10%        N/A       100%        7
 Spellforged Servitor     Conj/Summ      16%        N/A       100%        7
 Summon Hydra             Summ           12%        N/A       100%        7
 Borgnjor's Revivificati  Necr           8%         N/A       100%        8
 Necromutation            Tmut/Necr      8%         N/A       100%        8
 Summon Horrible Things   Summ           12%        N/A       100%        8
 Death's Door             Necr           8%         N/A       100%        9


Dungeon Overview and Level Annotations

Branches:
Dungeon (15/15)            Temple (1/1) D:6            Lair (6/6) D:9
  Swamp (1/4) Lair:2       Spider (4/4) Lair:4        Slime (0/5) Lair:5
    Orc (2/2) D:11            Elf (0/3) Orc:2        Vaults (0/5) D:13
 Depths (0/4) D:15        Ossuary (visited)           IceCv (visited)

Altars:
Ashenzari
Cheibriados
Dithmenos
Elyvilon
Fedhas
Gozag
Hepliaklqana
Kikubaaqudgha
Makhleb
Nemelex Xobeh
Okawaru
Qazlal
Ru
Sif Muna
Trog
Uskayaw
Vehumet
Wu Jian
Xom
Yredelemnul
Zin
The Shining One
Beogh
Lugonu

Shops:
D:10 *   D:11 *   D:13 [   D:14 (   D:15 (![?   Orc:2 *:([

Portals:
Trove: D:12 (give 13 scrolls of teleportation)

Annotations:
D:14 1 exclusion
Lair:2 exclusion: oklob plant
Lair:6 exclusions: door and obsidian statue
Swamp:1 Jorgrun
Spider:1 3 exclusions
Spider:3 3 runed translucent doors, exclusion: 3 doors, dragonscale333's ghost, adept DjFE


Innate Abilities, Weirdness & Mutations

You are very small and have problems with some larger weapons.
You are too small for most types of armour.
You have supernaturally acute eyesight. (SInv)
You cover ground extremely quickly. (Speed+++)


Message History

Your hands begin to glow red.
The ghost moth enters a dispersal trap!
You blink.
The ghost moth blinks!
The ghost moth stares at you.
You feel your power leaking away.
You pick your way through the web.
The ghost moth stares at you.
You feel your power leaking away.
There is a web here.
The ghost moth stares at you.
You feel your power leaking away.
The ghost moth hits you but does no damage.
The ghost moth completely misses you. x2
There is a stone staircase leading down here.
You hit the ghost moth but do no damage.
You closely miss the ghost moth. The ghost moth hits you.
The ghost moth hits you! The ghost moth misses you.
You hit the ghost moth but do no damage.
Your shadow hits the ghost moth but does no damage.
The ghost moth stares at you.
You feel your power leaking away. The ghost moth hits you! x2
* * * LOW HITPOINT WARNING * * *
The ghost moth completely misses you.
Unknown command.
Unknown command.
As you read the scroll of teleportation, it crumbles to dust.
You feel strangely unstable. The ghost moth hits you!
* * * LOW HITPOINT WARNING * * *
You feel weakened. The ghost moth hits you.
* * * LOW HITPOINT WARNING * * *
The ghost moth stings you.
* * * LOW HITPOINT WARNING * * *
Unknown command.
Unknown command.
Okay, then.
You feel much better. The ghost moth hits you!!
* * * LOW HITPOINT WARNING * * *
The ghost moth hits you!
You die...

....^...#..#....##.#..^....##
...#......#>..#.#.....#.....#####
...y...........#....##...#...#...
..#.....#^..<#.).....#.##........
...≈#.#.#.#....#.^...^#^.#.#.#.^.
...#..^........#...#...^....#≈≈.#
#.≈........#.s^............#≈≈##≈
###≈....#.....^.#.^..#..########≈
##.#.........#y@.#...^## ##
##≈.....#.#.....[...^..≈#
#≈#.#.......###...#^###.##
##^.#.......#......## ##.#
.......#....##.^^.## ###
^##^#....#..#####.###
.#.....^....####...≈#
#......#^..^≈##....≈#
.....#....####≈##..≈#


You could see an emperor scorpion (confused) and a ghost moth (invisible).

Vanquished Creatures
  Saint Roka (Orc:2)
  Rupert (D:15)
  Gastronok (Lair:3)
  Kirke (Lair:5)
  A fenstrider witch (Swamp:1)
  5 emperor scorpions (Spider:4)
  An ironbound preserver (D:13)
  3 ghost moths
  2 broodmothers
  An eleionoma (Swamp:1)
  3 entropy weavers (Spider:4)
  A bunyip (Swamp:1)
  4 dire elephants (Lair:6)
  2 spark wasps (Spider:2)
  Josephine (Orc:2)
  A boulder beetle (Lair:6)
  Fannar (D:12)
  A jorogumo (Spider:2)
  Erolcha (Orc:1)
  9 hydras
  4 centaur warriors
  Erica (D:8)
  3 hell hogs (D:13)
  A death knight (D:13)
  3 radroaches
  4 two-headed ogres
  3 death yaks (Lair:5)
  2 tengu warriors
  2 orc high priests
  Urug (Orc:1)
  3 spriggans (Swamp:1)
  Nergalle (D:11)
  Sonja (Orc:1)
  A sun moth (Spider:2)
  3 pharaoh ants
  A spectral anaconda (Lair:6)
  A goliath frog (Swamp:1)
  A swamp dragon (Swamp:1)
  9 steelbarb worms
  2 deep trolls (D:15)
  5 orb spiders
  A wizard (D:15)
  5 bog bodies
  A flayed ghost (D:15)
  A phantasmal warrior (D:14)
  17 ugly things
  A lindwurm (Lair:5)
  3 necromancers (Lair:6)
  12 wolf spiders
  2 deep elf pyromancers
  3 orc sorcerers (Orc:2)
  A will-o-the-wisp (Swamp:1)
  4 cyclopes
  6 orc knights
  4 manticores
  2 moths of wrath
  7 elephants (Lair:6)
  5 black mambas
  A dire elephant zombie (Lair:6)
  11 cane toads
  2 vault sentinels (D:9)
  An eye of devastation (Lair:5)
  A torpor snail (Spider:2)
  A kobold demonologist (D:14)
  12 demonic crawlers
  3 unseen horrors
  2 freezing wraiths
  An efreet (D:15)
  8 komodo dragons
  2 rime drakes (Lair:4)
  An anaconda simulacrum (IceCv)
  2 tengu conjurers
  2 polar bears
  10 meliai
  7 trolls
  A tyrant leech (Swamp:1)
  4 hornets
  3 spectral elephants (Lair:6)
  23 tarantellas
  18 slime creatures
  14 culicivoras
  41 yaks
  30 jumping spiders
  5 wraiths
  3 wyverns
  4 basilisks
  A vampire (D:12)
  4 hogs
  A human (shapeshifter) (D:15)
  34 redbacks
  8 vampire mosquitoes
  2 steam dragons
  5 swamp worms
  7 death yak simulacra
  A harpy simulacrum (IceCv)
  5 wargs
  3 acid dragons
  8 water moccasins
  12 hell hounds (D:13)
  31 orc warriors
  3 black bears
  3 ice beasts
  An elephant zombie (Lair:6)
  6 ogres
  An elephant skeleton (Lair:6)
  3 necrophages
  6 wolves (Lair:2)
  7 centaurs
  2 phantoms (D:5)
  2 kobold brigands
  2 elf zombies (Ossuary)
  8 bullfrogs
  7 scorpions
  2 gnoll sergeants
  6 two-headed ogre simulacra (IceCv)
  A cane toad simulacrum (Lair:6)
  A wyvern zombie (D:8)
  5 elephant simulacra (IceCv)
  A wyvern skeleton (D:6)
  A water moccasin skeleton (D:5)
  6 killer bees
  A howler monkey (D:13)
  4 electric eels
  3 centaur zombies
  2 jellies
  15 orc priests
  7 hounds
  4 bullfrog skeletons
  An iguana (D:5)
  23 orc wizards
  3 hell rats (Lair:5)
  A polar bear simulacrum (IceCv)
  A scorpion zombie (D:5)
  3 troll simulacra (IceCv)
  5 spriggan simulacra (IceCv)
  A wolf simulacrum (IceCv)
  A killer bee zombie (D:8)
  A hound skeleton (D:4)
  2 mummies (Ossuary)
  A howler monkey zombie (D:11)
  Robin (D:4)
  9 gnolls
  4 adders
  5 naga simulacra (IceCv)
  2 river rats (Lair:5)
  2 shadow imps
  7 white imps
  4 ufetubi (IceCv)
  4 worms
  An adder skeleton (D:5)
  2 adder zombies (Ossuary)
  A dart slug (D:4)
  70 orcs
  5 ball pythons
  5 bats
  7 endoplasms
  5 giant cockroaches
  19 goblins
  9 hobgoblins
  16 kobolds
  3 quokkas
  3 frilled lizards
  2 goblin zombies (Ossuary)
  7 hobgoblin zombies (Ossuary)
  A jackal zombie (Ossuary)
  15 kobold zombies (Ossuary)
  6 orc zombies (Ossuary)
  10 rats
  A rat zombie (Ossuary)
882 creatures vanquished.

Vanquished Creatures (collateral kills)
  A broodmother (Spider:3)
  A two-headed ogre (D:12)
  A redback (Spider:2)
3 creatures vanquished.

Vanquished Creatures (others)
  A human (Lair:5)
  A redback (Spider:1)
  16 foxfires (Swamp:1)
  18 fungi
  67 plants
  24 withered plants (Lair:6)
127 creatures vanquished.

Grand Total: 1012 creatures vanquished

Notes
Turn   | Place    | Note
-------+----------+-------------------------------------------
     0 | D:1      | protoss039 the Spriggan Enchanter began the quest for the
                  | Orb.
     0 | D:1      | Reached XP level 1. HP: 9/9 MP: 5/5
   299 | D:1      | Reached skill level 5 in Stealth
   352 | D:1      | Reached XP level 2. HP: 8/13 MP: 6/6
   760 | D:1      | Found a faded altar of an unknown god.
  1107 | D:1      | Learned a level 2 spell: Ensorcelled Hibernation
  1363 | D:2      | Reached skill level 6 in Stealth
  1439 | D:2      | Reached XP level 3. HP: 16/16 MP: 5/8
  1885 | D:2      | Reached skill level 7 in Stealth
  2048 | D:2      | Learned a level 3 spell: Confusing Touch
  2133 | D:3      | Reached XP level 4. HP: 21/21 MP: 9/9
  2696 | D:3      | Learned a level 3 spell: Tukima's Dance
  2812 | D:4      | Reached skill level 8 in Stealth
  2812 | D:4      | Reached XP level 5. HP: 23/24 MP: 10/10
  2876 | D:4      | Reached skill level 1 in Ice Magic
  2917 | D:4      | Noticed a black bear
  2925 | D:4      | Killed a black bear
  2926 | D:4      | Reached XP level 6. HP: 28/28 MP: 11/11
  2975 | D:4      | Reached skill level 9 in Stealth
  3169 | D:4      | Noticed Robin
  3183 | D:4      | Killed Robin
  3272 | D:4      | Found a sand-covered staircase.
  3331 | Ossuary  | Entered an ossuary
  3776 | Ossuary  | Reached skill level 10 in Stealth
  3776 | Ossuary  | Reached XP level 7. HP: 32/32 MP: 13/13
  4719 | D:5      | Entered Level 5 of the Dungeon
  4853 | D:5      | Reached skill level 11 in Stealth
  4853 | D:5      | Reached skill level 5 in Hexes
  4989 | D:5      | Reached XP level 8. HP: 36/36 MP: 15/15
  5050 | D:5      | Reached skill level 5 in Spellcasting
  5127 | D:5      | Reached skill level 12 in Stealth
  5362 | D:5      | Got the Tome of Conjuration
  5499 | D:5      | Reached skill level 5 in Dodging
  5638 | D:5      | Found a glowing silver altar of Zin.
  5640 | D:5      | Found a sparkling altar of Nemelex Xobeh.
  5646 | D:5      | Found a stormy altar of Qazlal.
  5647 | D:5      | Found a hide-covered altar of Uskayaw.
  5656 | D:5      | Found a shimmering altar of Xom.
  5657 | D:5      | Found an iron altar of Okawaru.
  5683 | D:5      | Found a white marble altar of Elyvilon.
  5684 | D:5      | Found a burning altar of Makhleb.
  5829 | D:5      | Reached XP level 9. HP: 39/39 MP: 19/19
  5875 | D:5      | Reached skill level 5 in Short Blades
  5943 | D:6      | Noticed a two-headed ogre
  5947 | D:6      | Killed a two-headed ogre
  5948 | D:6      | Reached skill level 1 in Summonings
  5948 | D:6      | Reached skill level 1 in Earth Magic
  5984 | D:6      | Got the Grimoire of the Traveller
  6250 | D:6      | Found a staircase to the Ecumenical Temple.
  6390 | Temple   | Entered the Ecumenical Temple
  6429 | Temple   | Became a worshipper of Dithmenos the Shadowed
  6532 | D:6      | Found a sacrificial altar of Ru.
  6541 | D:6      | Found a blossoming altar of Fedhas.
  6700 | D:7      | Noticed a cyclops
  6753 | D:7      | Reached skill level 1 in Invocations
  6756 | D:7      | Found a basalt altar of Yredelemnul.
  6756 | D:7      | Found a shimmering blue altar of Sif Muna.
  6801 | D:7      | Reached skill level 1 in Fighting
  7295 | D:7      | Killed a cyclops
  7296 | D:7      | Reached skill level 13 in Stealth
  7296 | D:7      | Reached XP level 10. HP: 46/46 MP: 20/20
  7598 | D:8      | Reached * piety under Dithmenos
  7994 | D:8      | Noticed Erica
  8012 | D:8      | Killed Erica
  8420 | D:9      | Noticed a death yak
  8421 | D:9      | Noticed a death yak
  8423 | D:9      | Found a staircase to the Lair.
  8426 | D:9      | Noticed a death yak
  8426 | D:9      | Noticed a death yak
  8426 | D:9      | Noticed a death yak
  8426 | D:9      | Noticed a death yak
  8426 | D:9      | Noticed a death yak
  8854 | D:8      | Learned a level 4 spell: Cause Fear
  8860 | D:8      | Learned a level 5 spell: Metabolic Englaciation
  8861 | D:9      | Noticed a two-headed ogre
  8865 | D:9      | Killed a two-headed ogre
  8866 | D:9      | Reached skill level 14 in Stealth
  9852 | D:9      | Noticed a vault sentinel
  9852 | D:9      | Noticed a vault sentinel
  9899 | D:9      | Killed a vault sentinel
 10010 | D:9      | Killed a vault sentinel
 10096 | D:9      | Found the +18 shield of the Gong {rElec rN+ Will+ EV-5}
 10218 | D:10     | Entered Level 10 of the Dungeon
 10957 | D:10     | Reached skill level 15 in Stealth
 10966 | D:10     | Found a snail-covered altar of Cheibriados.
 11572 | D:10     | Reached XP level 11. HP: 39/50 MP: 24/24
 11597 | D:10     | Reached ** piety under Dithmenos
 11683 | D:10     | Found Woefai's Assorted Antiques.
 11718 | D:10     | Reached skill level 5 in Invocations
 11788 | D:10     | Bought a scroll of identify for 48 gold pieces
 12408 | D:11     | Found Olaexon's Assorted Antiques.
 12414 | D:11     | Bought a scroll of identify for 62 gold pieces
 12788 | D:11     | Found a staircase to the Orcish Mines.
 13047 | D:11     | Noticed a four-headed hydra
 13473 | D:11     | HP: 1/51 [cyclops (29)]
 14048 | D:12     | Noticed a deep elf pyromancer
 14051 | D:12     | Killed a deep elf pyromancer
 14071 | D:12     | Noticed Fannar
 14092 | D:12     | Noticed a two-headed ogre
 14123 | D:12     | Killed a two-headed ogre
 14203 | D:12     | Noticed a cyan ugly thing
 14239 | D:12     | Killed a cyan ugly thing
 14343 | D:12     | Found a portal to a secret trove of treasure.
 14501 | D:12     | Reached *** piety under Dithmenos
 14983 | D:12     | Killed Fannar
 15140 | D:13     | Reached skill level 5 in Ice Magic
 15319 | D:13     | Reached XP level 12. HP: 30/57 MP: 26/26
 15560 | D:13     | Found a huge runed gate.
 15560 | D:13     | Found a huge runed gate.
 15560 | D:13     | Found a huge runed gate.
 15568 | D:13     | Found a huge runed gate.
 15571 | D:13     | Found a huge runed gate.
 15571 | D:13     | Found a huge runed gate.
 15571 | D:13     | Found a huge runed gate.
 15571 | D:13     | Found a huge runed gate.
 15571 | D:13     | Found a huge runed gate.
 15573 | D:13     | Found a huge runed gate.
 15578 | D:13     | Found a huge runed gate.
 15578 | D:13     | Found a huge runed gate.
 15578 | D:13     | Found a huge runed gate.
 15578 | D:13     | Found a huge runed gate.
 15615 | D:13     | Noticed a tengu warrior
 15653 | D:13     | Killed a tengu warrior
 15654 | D:13     | Reached skill level 16 in Stealth
 15699 | D:13     | Found a huge runed gate.
 15699 | D:13     | Found a huge runed gate.
 15699 | D:13     | Found a huge runed gate.
 15699 | D:13     | Found a huge runed gate.
 15699 | D:13     | Found a huge runed gate.
 15699 | D:13     | Found a huge runed gate.
 15700 | D:13     | Found a huge runed gate.
 15701 | D:13     | Found a huge runed gate.
 15702 | D:13     | Found a huge runed gate.
 15731 | D:13     | Noticed a centaur warrior
 15779 | D:13     | Killed a centaur warrior
 16022 | D:13     | Noticed a centaur warrior
 16029 | D:13     | Killed a centaur warrior
 16114 | D:13     | Found Hiss's Armour Boutique.
 16357 | D:13     | Noticed an ironbound preserver
 16358 | D:13     | Found a gate to the Vaults.
 16364 | D:13     | Reached skill level 17 in Stealth
 16381 | D:13     | Killed an ironbound preserver
 16770 | D:13     | Found a huge runed gate.
 16771 | D:13     | Found a huge runed gate.
 16772 | D:13     | Found a huge runed gate.
 16773 | D:13     | Found a huge runed gate.
 16774 | D:13     | Found a huge runed gate.
 16775 | D:13     | Found a huge runed gate.
 16795 | D:13     | Found a huge runed gate.
 16795 | D:13     | Found a huge runed gate.
 16796 | D:13     | Found a huge runed gate.
 16797 | D:13     | Found a huge runed gate.
 16797 | D:13     | Found a huge runed gate.
 16798 | D:13     | Found a huge runed gate.
 16800 | D:13     | Found a huge runed gate.
 16927 | D:13     | Noticed a hell hog
 16927 | D:13     | Noticed a hell hog
 16927 | D:13     | Noticed a hellephant
 16927 | D:13     | Noticed a hell hog
 17493 | Lair:1   | Entered Level 1 of the Lair of Beasts
 17609 | Lair:1   | Reached skill level 18 in Stealth
 17721 | Lair:1   | Reached **** piety under Dithmenos
 18086 | Lair:2   | You fall into a shaft and drop 2 floors!
 18137 | Lair:4   | Reached skill level 5 in Fighting
 18222 | Lair:4   | Noticed a four-headed hydra
 18230 | Lair:4   | Killed a four-headed hydra
 18312 | Lair:4   | Noticed a four-headed hydra
 18319 | Lair:4   | Killed a four-headed hydra
 18440 | Lair:3   | Noticed Gastronok
 18447 | Lair:3   | Killed Gastronok
 18448 | Lair:3   | Reached XP level 13. HP: 42/63 MP: 27/27
 18753 | Lair:2   | Found a frozen archway.
 18766 | IceCv    | Entered an ice cave
 19579 | IceCv    | Reached skill level 19 in Stealth
 19588 | IceCv    | Reached ***** piety under Dithmenos
 21061 | Lair:2   | Found a staircase to the Swamp.
 21885 | Lair:4   | Found a hole to the Spider Nest.
 22191 | Lair:4   | Reached skill level 20 in Stealth
 23031 | Lair:5   | Found a staircase to the Slime Pits.
 23033 | Lair:5   | Noticed Kirke
 23065 | Lair:5   | Paralysed by a floating eye for 3 turns
 23611 | Lair:5   | Learned a level 3 spell: Dazzling Flash
 23615 | Lair:5   | Learned a level 3 spell: Mephitic Cloud
 23719 | Lair:5   | Killed Kirke
 23961 | Lair:5   | Reached skill level 1 in Poison Magic
 24067 | Lair:6   | Entered Level 6 of the Lair of Beasts
 24250 | Lair:5   | Reached XP level 14. HP: 18/70 MP: 5/28
 24775 | Lair:6   | Reached skill level 1 in Conjurations
 25804 | Lair:6   | Reached skill level 21 in Stealth
 27026 | Lair:6   | Reached ****** piety under Dithmenos
 27745 | Lair:6   | Reached skill level 10 in Spellcasting
 28216 | Orc:1    | Entered Level 1 of the Orcish Mines
 28221 | Orc:1    | Noticed Nergalle
 29414 | D:13     | Identified the +2 dagger of Blood-Lust {flame, rN++}
 30191 | D:14     | Found Porpheikh's Antique Weapon Boutique.
 30407 | D:14     | Found a blossoming altar of Fedhas.
 30429 | D:14     | Reached skill level 10 in Dodging
 30749 | D:14     | Reached skill level 10 in Invocations
 31425 | D:15     | Entered Level 15 of the Dungeon
 31483 | D:15     | Noticed Rupert
 31522 | D:14     | Reached XP level 15. HP: 64/75 MP: 29/31
 31575 | D:15     | Found Piheg's Armour Shoppe.
 31692 | D:15     | Found Kuneyxt's Weapon Emporium.
 31736 | D:15     | Found Goritipn's Distillery.
 31740 | D:15     | Bought a potion of flight for 42 gold pieces
 31923 | D:15     | Found Cieg's Magic Scroll Shop.
 32313 | D:15     | Found a staircase to the Depths.
 32430 | D:15     | Killed Rupert
 33012 | D:11     | Killed Nergalle
 33133 | Orc:1    | Noticed Sonja
 33154 | Orc:1    | Killed Sonja
 33610 | Orc:2    | Entered Level 2 of the Orcish Mines
 33763 | Orc:2    | Found a staircase to the Elven Halls.
 33842 | Orc:2    | Noticed Josephine
 33853 | Orc:2    | Killed Josephine
 33857 | Orc:2    | Reached skill level 22 in Stealth
 34205 | Orc:1    | Noticed Urug
 34217 | Orc:1    | Killed Urug
 34308 | Orc:1    | Noticed Erolcha
 34328 | Orc:1    | Killed Erolcha
 34893 | Orc:2    | Noticed Saint Roka
 34909 | Orc:2    | Found Igumaiso's General Store.
 35888 | Orc:2    | Reached skill level 10 in Short Blades
 36154 | Orc:2    | Killed Saint Roka
 36205 | Orc:2    | Found Kailuo's Antique Armour Boutique.
 36402 | Orc:2    | Found Fuom Vun's Antique Weapon Boutique.
 36493 | Orc:2    | Found Cofainug's Book Boutique.
 36614 | Orc:2    | Bought a book of Power for 588 gold pieces
 36614 | Orc:2    | Bought a book of Geomancy for 252 gold pieces
 36614 | Orc:2    | Bought a Necronomicon for 784 gold pieces
 36792 | Swamp:1  | Entered Level 1 of the Swamp
 36794 | Swamp:1  | Noticed a fenstrider witch
 36803 | Swamp:1  | Killed a fenstrider witch
 36832 | Swamp:1  | Reached skill level 23 in Stealth
 37240 | Swamp:1  | HP: 3/77 [will-o-the-wisp/foxfire (9)]
 37581 | Lair:2   | Learned a level 2 spell: Passwall
 37587 | Swamp:1  | Learned a level 3 spell: Stone Arrow
 37800 | Swamp:1  | Noticed Jorgrun
 38255 | Spider:1 | Entered Level 1 of the Spider Nest
 39748 | Spider:1 | Reached XP level 16. HP: 64/81 MP: 33/33
 40357 | Spider:2 | Reached skill level 24 in Stealth
 41756 | Spider:3 | Found the dreamshard necklace {*Dream Drain}
 41762 | Spider:3 | Learned a level 4 spell: Anguish
 41910 | Spider:3 | Found a runed translucent gate.
 41910 | Spider:3 | Found a runed translucent gate.
 41911 | Spider:3 | Found a runed translucent gate.
 42821 | Spider:3 | Noticed dragonscale333's ghost (adept DjFE)
 43075 | Spider:4 | Entered Level 4 of the Spider Nest
 44210 | Spider:4 | Reached skill level 10 in Hexes
 46088 | Spider:4 | Reached skill level 5 in Conjurations
 47750 | Spider:4 | Reached XP level 17. HP: 80/87 MP: 27/34
 48670 | Spider:3 | HP: 2/87 [ghost moth (6)]
 48671 | Spider:3 | Mangled by a ghost moth

Illustrated notes

Levels and vault maps discovered:
D:1:      ncdulo_wetmaze, layout_loops_corners,
          dreamdust_ecumenical_altar_hidden_monk_grotto
D:2:      layout_rooms, chequers_arboretum
D:3:      layout_basic
D:4:      cheibrodos_helix_gallery, layout_gridville,
          nicolae_ossuary_entry_monument, uniq_robin
D:5:      layout_loops_cross, nicolae_overflow_hallway_of_the_gods
D:6:      layout_rooms, mainiacjoe_overflow_swirl, minmay_temple_entry_fiery
D:7:      layout_rooms, mainiacjoe_overflow_divided_tiny
D:8:      layout_loops_ring, uniq_erica
D:9:      layout_roguey, dpeg_lair_monsters, grunt_ogre_cave,
          hellmonk_guarded_unrand_gong
D:10:     layout_loops_cross, cheibrodos_worm_habitat, serial_shops,
          nicolae_shop_advertising_works [nicolae_subvault_shop_adworks]
D:11:     layout_stronghold, orc_0_dummy, chequers_serial_rivers_micro_e,
          minmay_shop_grid_forest
D:12:     layout_roguey, serial_curves, eino_curves_01, eino_curves_02,
          enter_trove_0, uniq_fannar
D:13:     layout_loops_ring, skrybe_vaults_entry_preservation, serial_shops,
          nicolae_diamond_shop, not_door_vault_due
D:14:     layout_long_grid, serial_shops, kennysheep_mini, minivault_27,
          fedhas_altar_2
D:15:     hangedman_depths_entry_civil_slaughter, layout_irregular_city,
          serial_shops, nicolae_shop_hallway_stairs, nicolae_shop_trees,
          nicolae_shop_hallway_stairs, shop, uniq_rupert
Temple:   corrupted_temple
Lair:1:   layout_cave_shapes, minivault_27
Lair:2:   beast_lair_carwin_large_2, layout_regular_city,
          nicolae_swamp_entry_splash_gauntlet, portal_ice_cave_entry_pillars_1
Lair:3:   layout_regular_city, uniq_gastronok
Lair:4:   layout_cave_pods, nicolae_spider_entry_non_spiders,
          lemuel_fruit_fields
Lair:5:   layout_small_grid, minmay_slime_entry_eyes,
          kennysheep_abandoned_house, uniq_kirke
Lair:6:   due_jungle_book, layout_loops_ring, hangedman_lair_unloving_vines,
          patterned_corridor, serial_bayou_shore_a, serial_bayou_shore_b
Swamp:1:  nicolae_swamp_tree_isthmus, layout_falls_marsh,
          evilmike_swamp_ruin_house_2, infiniplex_staircase_pool_2, uniq_jorgrun
Spider:1: layout_chambers
Spider:2: layout_chambers, hellmonk_narrow_tunnel
Spider:3: layout_spider_delve, gammafunk_ghost_necromancy
Spider:4: grunt_spider_rune_circles, nicolae_spider_spiderdrome
Orc:1:    layout_caves, uniq_nergalle, uniq_sonja, uniq_erolcha, uniq_urug
Orc:2:    grunt_orc_cross, layout_caves, uniq_josephine

Skill      XL: |  1  2  3  4  5  6  7  8  9 10 11 12 13 14 15 16 |
---------------+-------------------------------------------------+-----
Stealth        | 5 6 7 8 10 11 12 13 15 18 20 21 23 24 | 24.8
Dodging        | 3 6 8 9 10 11 12 | 12.5
Short Blades   | 2 3 4 6 7 8 9 10 | 10.0
Ice Magic      | 1 2 3 5 6 |  6.0
Spellcasting   | 3 4 6 8 9 11 12 | 12.9
Hexes          | 4 5 6 8 9 11 | 11.0
Summonings     | 2 |  2.0
Air Magic      | 2 3 |  3.0
Earth Magic    | 1 2 3 |  3.0
Invocations    | 2 4 6 8 9 10 11 | 11.5
Fighting       | 1 2 3 5 6 7 8 9 |  9.0
Poison Magic   | 1 3 |  3.0
Conjurations   | 3 5 |  5.2
Axes           | |  0.1
Maces & Flails | |  0.1
Staves         | |  0.2
Slings         | |  0.2
Bows           | |  0.2
Crossbows      | |  0.1
Necromancy     | |  0.1
Translocations | |  0.2
Transmutations | |  0.2
Fire Magic     | |  0.1
Evocations     | |  0.3

Action                   |  1- 3 |  4- 6 |  7- 9 | 10-12 | 13-15 | 16-18 || total
-------------------------+-------+-------+-------+-------+-------+-------++-------
Melee: Dagger            |   109 |   259 |   329 |   593 |  1380 |   543 ||  3213
       Punch             |     1 |       |     8 |     9 |    33 |    10 ||    61
       Scimitar          |       |       |       |    13 |    34 |    13 ||    60
Throw: Dart              |       |       |       |     4 |     4 |       ||     8
 Cast: Ensorcelled Hiber |    11 |    21 |    21 |    64 |   131 |    86 ||   334
       Confusing Touch   |       |    15 |    25 |    81 |   237 |    96 ||   454
       Cause Fear        |       |       |       |     6 |    30 |    17 ||    53
       Tukima's Dance    |       |       |       |     4 |     7 |       ||    11
       Metabolic Englaci |       |       |       |     2 |     8 |       ||    10
       Mephitic Cloud    |       |       |       |       |    26 |    25 ||    51
       Dazzling Flash    |       |       |       |       |     5 |       ||     5
       Stone Arrow       |       |       |       |       |     5 |    49 ||    54
       Anguish           |       |       |       |       |       |     3 ||     3
       Passwall          |       |       |       |       |       |     1 ||     1
Evoke: Wand              |       |       |       |       |     6 |       ||     6
       Box of beasts     |       |       |       |       |       |     1 ||     1
       Phantom mirror    |       |       |       |       |       |     1 ||     1
  Use: Scroll            |       |       |     5 |     9 |    10 |     8 ||    32
       Potion            |       |       |       |       |     8 |     6 ||    14
 Stab: Sleeping          |    18 |    24 |    29 |    77 |   204 |    79 ||   431
       Confused          |       |    15 |    19 |    75 |   198 |    77 ||   384
       Distracted        |       |     1 |       |     4 |     8 |     1 ||    14
       Fleeing           |       |       |       |     1 |     3 |       ||     4
Armor: Robe              |     6 |    22 |    12 |       |     6 |       ||    46
       Steam dragon scal |       |       |     5 |    36 |    95 |    73 ||   209
Dodge: Dodged            |    70 |   142 |   126 |   286 |   895 |   613 ||  2132
